| TOP OF THE 1ST |
|
Helena Brewers batting - Pitching for Danville Braves : RHP Bill Marshall
|
|
Pitching: RHP Bill Marshall
|
|
|
Batting: LHB Andy Buschlen
|
0-0: Ball 1-0: Fly out, F8 (Flyball, 8RM, EV 74.4 MPH)
|
|
Batting: LHB Tony Hasbun
|
0-0: Swinging Strike 0-1: Ball 1-1: Swinging Strike 1-2: Ball 2-2: Foul Ball, location: 2F 2-2: Strikes out swinging
|
|
Batting: RHB Manny Olave
|
0-0: SINGLE (Line Drive, 5D, EV 105.0 MPH)
|
|
Batting: RHB Austin Doig
|
0-0: Called Strike 0-1: Ground out U3 (Groundball, 3, EV 105.6 MPH)
|
| Top of the 1st over - 0 runs, 1 hit, 0 errors, 1 left on base; Helena 0 - Danville 0 |
| BOTTOM OF THE 1ST |
|
Danville Braves batting - Pitching for Helena Brewers : LHP Hiroshi Matsuda
|
|
Pitching: LHP Hiroshi Matsuda
|
|
|
Batting: RHB Danny Dimas
|
0-0: Called Strike 0-1: Ball 1-1: Foul Ball, location: 2F 1-2: Strikes out swinging
|
|
Batting: RHB Alex Guerra
|
0-0: Ball 1-0: Ball 2-0: Ball 3-0: Called Strike 3-1: Called Strike 3-2: Strikes out swinging
|
|
Batting: RHB Rodolfo Cosme
|
0-0: Called Strike 0-1: Ball 1-1: Called Strike 1-2: Foul Ball, location: 2F 1-2: Foul Ball, location: 2F 1-2: Ball 2-2: Ball 3-2: SINGLE (Line Drive, 7S, EV 87.5 MPH)
|
|
Batting: RHB Paul Holland
|
0-0: Ball 1-0: Ground out 5-3 (Groundball, 56S, EV 77.5 MPH)
|
| Bottom of the 1st over - 0 runs, 1 hit, 0 errors, 1 left on base; Helena 0 - Danville 0 |
| TOP OF THE 2ND |
|
Helena Brewers batting - Pitching for Danville Braves : RHP Bill Marshall
|
|
Batting: RHB Curtis Montgomery
|
0-0: Called Strike 0-1: Ball 1-1: Swinging Strike 1-2: Ball 2-2: Ball 3-2: Strikes out swinging
|
|
Batting: RHB Frank Pena
|
0-0: Called Strike 0-1: Foul Ball, location: 2F 0-2: Ball 1-2: Ball 2-2: Ball 3-2: SINGLE (Line Drive, 6D, EV 94.4 MPH)
|
|
Batting: LHB Alex Chairez
|
0-0: Ball 1-0: Swinging Strike 1-1: Called Strike 1-2: Fly out, F4 (Line Drive, 34D, EV 73.8 MPH) Lined into DP, 4-3 (Line Drive, 34D, EV 75.0 MPH)
|
| Top of the 2nd over - 0 runs, 1 hit, 0 errors, 0 left on base; Helena 0 - Danville 0 |
| BOTTOM OF THE 2ND |
|
Danville Braves batting - Pitching for Helena Brewers : LHP Hiroshi Matsuda
|
|
Batting: RHB Ricardo Joya
|
0-0: Called Strike 0-1: Foul Ball, location: 2F 0-2: Ball 1-2: Foul Ball, location: 2F 1-2: Ball 2-2: Ball 3-2: Strikes out swinging
|
|
Batting: RHB Roman Lauder
|
0-0: Swinging Strike 0-1: Ball 1-1: Foul Ball, location: 2F 1-2: Strikes out looking
|
|
Batting: RHB Bart Stevensdick
|
0-0: Called Strike 0-1: Ball 1-1: Ball 2-1: Foul Ball, location: 2F 2-2: Ground out 6-3 (Groundball, 6, EV 94.4 MPH)
|
| Bottom of the 2nd over - 0 runs, 0 hits, 0 errors, 0 left on base; Helena 0 - Danville 0 |
| TOP OF THE 3RD |
|
Helena Brewers batting - Pitching for Danville Braves : RHP Bill Marshall
|
|
Batting: RHB Fernando Mejia
|
0-0: Ball 1-0: Ball 2-0: SINGLE (Line Drive, 34, EV 103.1 MPH)
|
|
Batting: RHB Justin Marino
|
0-0: Ball 1-0: Foul Ball, location: 2F 1-1: Ball 2-1: Foul Ball, location: 2F 2-2: Ball 3-2: Foul Ball, location: 2F 3-2: Base on Balls Fernando Mejia to second
|
|
Batting: LHB Andy Buschlen
|
0-0: Ball 1-0: Ball 2-0: Foul Ball, location: 2F 2-1: Swinging Strike 2-2: Ball 3-2: SINGLE (Line Drive, 8RS, EV 90.6 MPH) Fernando Mejia to third Justin Marino to second
|
|
Batting: LHB Tony Hasbun
|
0-0: Fly out, F8 (Flyball, 8RS, EV 93.1 MPH)
|
|
Batting: RHB Manny Olave
|
0-0: Ball 1-0: Swinging Strike 1-1: Ball 2-1: Ball 3-1: Called Strike 3-2: Foul Ball, location: 2F 3-2: Base on Balls Fernando Mejia scores Justin Marino to third Andy Buschlen to second
|
|
Batting: RHB Austin Doig
|
0-0: SINGLE (Groundball, 34D, EV 103.8 MPH) Justin Marino scores Andy Buschlen to third Manny Olave to second Runner from 3rd tries for Home, throw by RF and OUT! 9-2
|
|
Batting: RHB Curtis Montgomery
|
0-0: Swinging Strike 0-1: Ball 1-1: Ball 2-1: Swinging Strike 2-2: Ball Wild Pitch! Manny Olave to third Austin Doig to second 3-2: Fly out, F8 (Flyball, 89S, EV 86.9 MPH)
|
| Top of the 3rd over - 2 runs, 3 hits, 0 errors, 2 left on base; Helena 2 - Danville 0 |
| BOTTOM OF THE 3RD |
|
Danville Braves batting - Pitching for Helena Brewers : LHP Hiroshi Matsuda
|
|
Batting: RHB Aaron Sartini
|
0-0: Ball 1-0: Foul Ball, location: 2F 1-1: Called Strike 1-2: Strikes out swinging
|
|
Batting: RHB Chad Starnes
|
0-0: Called Strike 0-1: Foul Ball, location: 2F 0-2: Ball 1-2: Strikes out looking
|
|
Batting: RHB Danny Dimas
|
0-0: Ball 1-0: Ball 2-0: Called Strike 2-1: Foul Ball, location: 2F 2-2: Ball 3-2: Foul Ball, location: 2F 3-2: Strikes out swinging
|
| Bottom of the 3rd over - 0 runs, 0 hits, 0 errors, 0 left on base; Helena 2 - Danville 0 |
| TOP OF THE 4TH |
|
Helena Brewers batting - Pitching for Danville Braves : RHP Bill Marshall
|
|
Batting: RHB Frank Pena
|
0-0: Called Strike 0-1: SINGLE (Line Drive, 4D, EV 96.2 MPH)
|
|
Batting: LHB Alex Chairez
|
0-0: Ball 1-0: Ball 2-0: Ball 3-0: Called Strike 3-1: Foul Ball, location: 2F 3-2: Foul Ball, location: 2F 3-2: Foul Ball, location: 2F 3-2: Base on Balls Frank Pena to second
|
|
Batting: RHB Fernando Mejia
|
0-0: 3-RUN HOME RUN (Flyball, 89XD, EV 98.8 MPH), Distance : 392 ft
|
|
Pitching: RHP Marc Focht
|
|
|
Batting: RHB Justin Marino
|
0-0: Called Strike 0-1: Ball 1-1: Ball 2-1: Called Strike 2-2: Ground out 6-3 (Groundball, 6, EV 97.5 MPH)
|
|
Batting: LHB Andy Buschlen
|
0-0: Ball 1-0: Ball 2-0: Ball 3-0: Called Strike 3-1: Swinging Strike 3-2: SINGLE (Flyball, 56D, EV 91.9 MPH)
|
|
Batting: LHB Tony Hasbun
|
0-0: Ball 1-0: Ball 2-0: Ball Andy Buschlen steals 2nd base 3-0: Called Strike 3-1: Base on Balls
|
|
Batting: RHB Manny Olave
|
0-0: Ball 1-0: Foul Ball, location: 2F 1-1: Foul Ball, location: 2F 1-2: Foul Ball, location: 2F 1-2: Foul Ball, location: 2F 1-2: Strikes out swinging
|
|
Batting: RHB Austin Doig
|
0-0: Called Strike 0-1: Foul Ball, location: 2F 0-2: Fly out, F7 (Flyball, 78D, EV 94.4 MPH)
|
| Top of the 4th over - 3 runs, 3 hits, 0 errors, 2 left on base; Helena 5 - Danville 0 |
| BOTTOM OF THE 4TH |
|
Danville Braves batting - Pitching for Helena Brewers : LHP Hiroshi Matsuda
|
|
Batting: RHB Alex Guerra
|
0-0: Ball 1-0: SOLO HOME RUN (Flyball, 78XD, EV 103.1 MPH), Distance : 401 ft
|
|
Batting: RHB Rodolfo Cosme
|
0-0: Swinging Strike 0-1: Ball 1-1: Foul Ball, location: 2F 1-2: Ball 2-2: Foul Ball, location: 2F 2-2: Ground out 1-3 (Groundball, 13S, EV 66.9 MPH)
|
|
DELAY
|
Rain delay of 65 minutes in the 4th inning.
|
|
Pitching: LHP Keith Rogers
|
|
|
Batting: RHB Paul Holland
|
0-0: Foul Ball, location: 2F 0-1: Swinging Strike 0-2: Ball 1-2: Ground out 5-3 (Groundball, 5, EV 107.5 MPH)
|
|
Batting: RHB Ricardo Joya
|
0-0: Called Strike 0-1: Ball 1-1: Called Strike 1-2: Foul Ball, location: 2F 1-2: Ball 2-2: Ball 3-2: Base on Balls
|
|
Batting: RHB Roman Lauder
|
0-0: Called Strike 0-1: Ball 1-1: Called Strike 1-2: Strikes out swinging
|
| Bottom of the 4th over - 1 run, 1 hit, 0 errors, 1 left on base; Helena 5 - Danville 1 |
| TOP OF THE 5TH |
|
Helena Brewers batting - Pitching for Danville Braves : RHP Marc Focht
|
|
Batting: RHB Curtis Montgomery
|
0-0: Foul Ball, location: 2F 0-1: Ball 1-1: Swinging Strike 1-2: Foul Ball, location: 2F 1-2: Ball 2-2: Ball 3-2: Foul Ball, location: 2F 3-2: SINGLE (Groundball, 56D, EV 101.9 MPH)
|
|
Batting: RHB Frank Pena
|
0-0: Ball 1-0: Called Strike 1-1: Foul Ball, location: 2F 1-2: Strikes out swinging
|
|
Pitching: RHP Aaron Frey
|
|
|
Batting: LHB Alex Chairez
|
0-0: Foul Ball, location: 2F 0-1: Ball 1-1: Fielders Choice at 2nd, 1-4 (Groundball, 15S, EV 70.6 MPH)
|
|
Batting: RHB Fernando Mejia
|
0-0: Ball 1-0: Fly out, F8 (Flyball, 78M, EV 86.9 MPH)
|
| Top of the 5th over - 0 runs, 1 hit, 0 errors, 1 left on base; Helena 5 - Danville 1 |
| BOTTOM OF THE 5TH |
|
Danville Braves batting - Pitching for Helena Brewers : LHP Keith Rogers
|
|
Batting: RHB Bart Stevensdick
|
0-0: Ball 1-0: Ball 2-0: Foul Ball, location: 2F 2-1: Foul Ball, location: 2F 2-2: Foul Ball, location: 2F 2-2: Strikes out looking
|
|
Batting: RHB Aaron Sartini
|
0-0: Called Strike 0-1: Swinging Strike 0-2: Foul Ball, location: 2F 0-2: Ball 1-2: Ball 2-2: Strikes out looking
|
|
Batting: RHB Chad Starnes
|
0-0: Called Strike 0-1: Foul Ball, location: 2F 0-2: Ball 1-2: Ball 2-2: Ball 3-2: Strikes out swinging
|
| Bottom of the 5th over - 0 runs, 0 hits, 0 errors, 0 left on base; Helena 5 - Danville 1 |
| TOP OF THE 6TH |
|
Helena Brewers batting - Pitching for Danville Braves : RHP Aaron Frey
|
|
Batting: RHB Justin Marino
|
0-0: Ball 1-0: Called Strike 1-1: Ball 2-1: Foul Ball, location: 2F 2-2: Foul Ball, location: 2F 2-2: SINGLE (Groundball, 5D, EV 97.5 MPH)
|
|
Batting: LHB Andy Buschlen
|
0-0: Ball 1-0: Foul Ball, location: 2F 1-1: Foul Ball, location: 2F 1-2: Foul Ball, location: 2F 1-2: Foul Ball, location: 2F 1-2: Foul Ball, location: 2F 1-2: SINGLE (Groundball, 6D, EV 108.8 MPH) Justin Marino to second
|
|
Batting: LHB Tony Hasbun
|
0-0: Ball 1-0: Ball 2-0: Ball 3-0: Called Strike 3-1: Foul Ball, location: 2F 3-2: Base on Balls Justin Marino to third Andy Buschlen to second
|
|
Batting: RHB Manny Olave
|
0-0: Called Strike 0-1: Called Strike 0-2: Foul Ball, location: 2F 0-2: Strikes out swinging
|
|
Batting: RHB Austin Doig
|
0-0: Fly out, F9 (Flyball, 9S, EV 80.0 MPH)
|
|
Batting: RHB Curtis Montgomery
|
0-0: Ball 1-0: Ground out 4-3 (Groundball, 4, EV 101.9 MPH)
|
| Top of the 6th over - 0 runs, 2 hits, 0 errors, 3 left on base; Helena 5 - Danville 1 |
| BOTTOM OF THE 6TH |
|
Danville Braves batting - Pitching for Helena Brewers : LHP Keith Rogers
|
|
Batting: RHB Danny Dimas
|
0-0: Ball 1-0: Foul Ball, location: 2F 1-1: Foul Ball, location: 2F 1-2: Ball 2-2: Ball 3-2: Base on Balls
|
|
Batting: RHB Alex Guerra
|
0-0: 2-RUN HOME RUN (Flyball, 78XD, EV 98.8 MPH), Distance : 397 ft
|
|
Batting: RHB Rodolfo Cosme
|
0-0: Ball 1-0: Fly out, F7 (Flyball, 7D, EV 88.8 MPH)
|
|
Pitching: RHP Angel Pacheco
|
|
|
Batting: RHB Paul Holland
|
0-0: Ball 1-0: Ball 2-0: Ground out 6-3 (Groundball, 6, EV 84.4 MPH)
|
|
Batting: RHB Ricardo Joya
|
0-0: SINGLE (Groundball, 56D, EV 96.9 MPH)
|
|
Batting: RHB Roman Lauder
|
0-0: Ball 1-0: Swinging Strike 1-1: Swinging Strike 1-2: Strikes out looking
|
| Bottom of the 6th over - 2 runs, 2 hits, 0 errors, 1 left on base; Helena 5 - Danville 3 |
| TOP OF THE 7TH |
|
Helena Brewers batting - Pitching for Danville Braves : RHP Aaron Frey
|
|
Pitching: RHP Nathan Tamburrino
|
|
|
Batting: RHB Frank Pena
|
0-0: Foul Ball, location: 2F 0-1: Ball 1-1: Called Strike 1-2: Strikes out swinging
|
|
Batting: LHB Alex Chairez
|
0-0: Ball 1-0: Ball 2-0: Ball 3-0: Called Strike 3-1: Foul Ball, location: 2F 3-2: Base on Balls
|
|
Batting: RHB Fernando Mejia
|
0-0: Ball 1-0: Ball 2-0: Ball 3-0: Called Strike 3-1: Foul Ball, location: 2F 3-2: Foul Ball, location: 2F 3-2: Base on Balls Alex Chairez to second
|
|
Pitching: RHP Alex Rosales
|
|
|
Batting: RHB Justin Marino
|
0-0: Ball 1-0: Called Strike 1-1: Swinging Strike 1-2: Foul Ball, location: 2F 1-2: Ball Wild Pitch! Alex Chairez to third Fernando Mejia to second 2-2: Ball 3-2: Strikes out swinging
|
|
Batting: LHB Andy Buschlen
|
0-0: Ball 1-0: Called Strike 1-1: Swinging Strike 1-2: Ball 2-2: Ball 3-2: Foul Ball, location: 2F 3-2: Fly out, F6 (Popup, 6M, EV 62.5 MPH)
|
| Top of the 7th over - 0 runs, 0 hits, 0 errors, 2 left on base; Helena 5 - Danville 3 |
| BOTTOM OF THE 7TH |
|
Danville Braves batting - Pitching for Helena Brewers : RHP Angel Pacheco
|
|
Batting: RHB Bart Stevensdick
|
0-0: Ball 1-0: Ball 2-0: Ball 3-0: Called Strike 3-1: Base on Balls
|
|
Pinch Hitting: RHB Mennad Maalik
|
Pickoff Throw to First - Out! 1-3 0-0: Called Strike 0-1: Foul Ball, location: 2F 0-2: Foul Ball, location: 2F 0-2: Strikes out swinging
|
|
Batting: RHB Chad Starnes
|
0-0: Ball 1-0: Ball 2-0: Called Strike 2-1: Foul Ball, location: 2F 2-2: Fly out, F9 (Line Drive, 9S, EV 100.6 MPH)
|
| Bottom of the 7th over - 0 runs, 0 hits, 0 errors, 0 left on base; Helena 5 - Danville 3 |
| TOP OF THE 8TH |
|
Helena Brewers batting - Pitching for Danville Braves : RHP Alex Rosales
|
|
Now in LF: Mennad Maalik
|
|
|
Batting: LHB Tony Hasbun
|
0-0: Ball 1-0: Swinging Strike 1-1: Ball 2-1: Ball 3-1: Base on Balls
|
|
Batting: RHB Manny Olave
|
0-0: Ball 1-0: Called Strike 1-1: Fly out, F4 (Line Drive, 4MD, EV 71.9 MPH)
|
|
Batting: RHB Austin Doig
|
0-0: Called Strike 0-1: Ball 1-1: DOUBLE (Flyball, 8RXD, EV 95.0 MPH) Tony Hasbun to third
|
|
Batting: RHB Curtis Montgomery
|
0-0: Ball 1-0: Ball Wild Pitch! Tony Hasbun scores Austin Doig to third 2-0: Foul Ball, location: 2F 2-1: Swinging Strike 2-2: Ball 3-2: Base on Balls
|
|
Pitching: LHP Joel Littlejohn
|
|
|
Batting: RHB Frank Pena
|
0-0: Called Strike 0-1: Swinging Strike 0-2: Fly out, F3 (Popup, 3SF, EV 79.4 MPH)
|
|
Batting: LHB Alex Chairez
|
0-0: Called Strike 0-1: Ball 1-1: Ball 2-1: Called Strike 2-2: Foul Ball, location: 2F 2-2: Strikes out swinging
|
| Top of the 8th over - 1 run, 1 hit, 0 errors, 2 left on base; Helena 6 - Danville 3 |
| BOTTOM OF THE 8TH |
|
Danville Braves batting - Pitching for Helena Brewers : RHP Angel Pacheco
|
|
Now at 1B: Jose Simental
|
|
|
Now in LF: Daniel Pena
|
|
|
Now in CF: Jesus Menjivar
|
|
|
Batting: RHB Danny Dimas
|
0-0: SINGLE (Groundball, 6MD, EV 98.8 MPH)
|
|
Pitching: LHP Jose Ruiz
|
|
|
Batting: RHB Alex Guerra
|
0-0: Swinging Strike 0-1: Swinging Strike 0-2: Strikes out swinging
|
|
Batting: RHB Rodolfo Cosme
|
0-0: Ball 1-0: Called Strike 1-1: Ball 2-1: Fielders Choice at 2nd, 1-6 (Groundball, 13S, EV 69.4 MPH)
|
|
Batting: RHB Paul Holland
|
0-0: Ball 1-0: Called Strike 1-1: Foul Ball, location: 2F 1-2: Foul Ball, location: 2F 1-2: Strikes out swinging
|
| Bottom of the 8th over - 0 runs, 1 hit, 0 errors, 1 left on base; Helena 6 - Danville 3 |
| TOP OF THE 9TH |
|
Helena Brewers batting - Pitching for Danville Braves : LHP Joel Littlejohn
|
|
Batting: RHB Fernando Mejia
|
0-0: Ball 1-0: Ground out 6-3 (Groundball, 6, EV 85.0 MPH)
|
|
Batting: RHB Justin Marino
|
0-0: Ball 1-0: Ball 2-0: Ball 3-0: Base on Balls
|
|
Batting: LHB Andy Buschlen
|
0-0: Foul Ball, location: 2F 0-1: Ball 1-1: Foul Ball, location: 2F 1-2: Foul Ball, location: 2F 1-2: Ball 2-2: Ball 3-2: Fly out, F8 (Line Drive, 8RD, EV 98.8 MPH)
|
|
Batting: LHB Tony Hasbun
|
0-0: Ground out 4-3 (Groundball, 34, EV 92.5 MPH)
|
| Top of the 9th over - 0 runs, 0 hits, 0 errors, 1 left on base; Helena 6 - Danville 3 |
| BOTTOM OF THE 9TH |
|
Danville Braves batting - Pitching for Helena Brewers : LHP Jose Ruiz
|
|
Pitching: RHP Adam Robinson
|
|
|
Batting: RHB Ricardo Joya
|
0-0: Called Strike 0-1: Swinging Strike 0-2: Ball 1-2: Hit by Pitch
|
|
Batting: RHB Richard Saquic
|
0-0: Ball 1-0: Ball 2-0: Ball 3-0: Called Strike 3-1: Base on Balls Ricardo Joya to second
|
|
Pinch Hitting: RHB Jesus Diego
|
0-0: Ball 1-0: Swinging Strike 1-1: Grounds into double play, 6-4-3 (Groundball, 6S, EV 83.8 MPH) Ricardo Joya to third
|
|
Batting: RHB Mennad Maalik
|
0-0: SINGLE (Groundball, 5S, EV 63.1 MPH) (infield hit) Ricardo Joya scores
|
|
Pinch Hitting: LHB Roger Shearing
|
0-0: Fly out, F7 (Flyball, 78D, EV 94.4 MPH)
|
| Bottom of the 9th over - 1 run, 1 hit, 0 errors, 1 left on base; Helena 6 - Danville 4 |
|